 Dungeon Crawl Stone Soup version 0.23.0 (webtiles) character file.

Game seed: 15617482414318794731

88 Kairos the Skirmisher (level 4, -7/37 HPs)
             Began as a Formicid Abyssal Knight on Feb 12, 2019.
             Was a Believer of Lugonu.
             Mangled by a gnoll
             ... wielding a +0 halberd
              (16 damage)
             ... on level 3 of the Dungeon.
             The game lasted 00:02:25 (1547 turns).

Kairos the Skirmisher (Formicid Abyssal Knight)     Turns: 1547, Time: 00:02:26

Health: -7/37      AC:  5    Str: 17    XL:     4   Next: 82%
Magic:  5/5        EV: 11    Int: 12    God:    Lugonu [**....]
Gold:   136        SH:  0    Dex: 10    Spells: 3/3 levels left

rFire    . . .     SeeInvis +   l - +2 whip (elec)
rCold    . . .     Gourm    .   (no shield)
rNeg     . . .     Faith    .   m - +0 ring mail (curse)
rPois    .         Spirit   .   (helmet unavailable)
rElec    .         Reflect  .   (no cloak)
rCorr    .         Harm     .   (no gloves)
MR       .....                  (no boots)
Stlth    ..........             (no amulet)
HPRegen  0.12/turn              d - ring of wizardry
MPRegen  0.09/turn              (no ring)

@: no status effects
A: permanent stasis, dig shafts and tunnels, four strong arms, antennae 3
a: Dig, Shaft Self, Depart the Abyss, Bend Space, Renounce Religion


You were on level 3 of the Dungeon.
You worshipped Lugonu.
Lugonu was pleased with you.
You were not hungry.

You visited 1 branch of the dungeon, and saw 3 of its levels.
You visited the Abyss 1 time.

You collected 136 gold pieces.

Inventory:

Hand Weapons
 a - a +1 hand axe
 l - a +2 whip of electrocution (weapon)
Armour
 b - a +0 leather armour
 m - a cursed +0 ring mail (worn)
Jewellery
 d - a ring of wizardry (left hand)
Scrolls
 f - a scroll of magic mapping
 g - 2 scrolls of fear
 h - a scroll of enchant armour {unknown}
 i - a scroll of enchant weapon {unknown}
 j - a scroll of amnesia
 p - a scroll of immolation {unknown}
 q - a scroll of blinking {unknown}
 s - a scroll of identify
Potions
 e - a potion of agility {unknown}
 k - 2 potions of might
 n - a potion of heal wounds {unknown}
 r - a potion of flight {unknown}
 t - a potion of degeneration {unknown}
Comestibles
 c - 7 rations


   Skills:
 + Level 4.1 Fighting
 + Level 2.8(3.0) Axes
 + Level 1.3(2.2) Maces & Flails
 + Level 2.7 Armour
 + Level 1.4 Dodging
 + Level 2.4 Invocations


You had 3 spell levels left.
You didn't know any spells.
Your spell library was empty.

Dungeon Overview and Level Annotations

Branches:
Dungeon (3/15)

Altars:


Innate Abilities, Weirdness & Mutations

You cannot be hasted, slowed, berserked, paralysed or teleported.
You can dig through walls and to a lower floor.
Your four strong arms can wield two-handed weapons with a shield.
You have a pair of large antennae on your head. (SInv)


Message History

You hit the gnoll but do no damage. Lightning courses through the gnoll!
You kill the gnoll!
Lugonu accepts your kill.
Your base Maces & Flails skill increases to level 1!
The gnoll barely misses you.
You barely miss the gnoll. The gnoll barely misses you.
You hit the gnoll.
The gnoll is moderately wounded.
The gnoll misses you.
You hit the gnoll but do no damage.
The gnoll is moderately wounded.
The gnoll barely misses you.
You barely miss the gnoll.
The gnoll is moderately wounded.
The gnoll hits you with a +0 halberd.
* * * LOW HITPOINT WARNING * * *
You hit the gnoll.
The gnoll is heavily wounded.
The gnoll hits you with a +0 halberd!
You die...

# ## . .! ..# ..
#.###.# #..#...#.# .
.<.#.#.#### ...
.........#
.....####g...#<#####
......))@...>..(.).#
#########.#...######
#†##...## #.##....#
#.####..# #.# #..#
#.. #....# ##.
#..#.# . ##.....


You could see a gnoll.

Vanquished Creatures
  An adder (D:2)
  2 gnolls (D:3)
  An ooze (D:3)
  2 dart slugs (D:1)
  A leopard gecko (D:3)
  2 giant cockroaches
  9 goblins
  7 hobgoblins
  5 jackals
  4 kobolds
  2 ball pythons
  6 bats
  2 frilled lizards
  6 rats
50 creatures vanquished.

Notes
Turn   | Place    | Note
-------+----------+-------------------------------------------
     0 | Abyss:1  | Kairos the Formicid Abyssal Knight began the quest for the
                  | Orb.
     0 | Abyss:1  | Reached XP level 1. HP: 18/18 MP: 2/2
    66 | Abyss:1  | Noticed a wretched star
    66 | Abyss:1  | Noticed a ynoxinul
    69 | D:1      | Escaped the Abyss
   247 | D:1      | Reached XP level 2. HP: 18/24 MP: 3/3
   266 | D:1      | Reached * piety under Lugonu
   345 | D:1      | Reached skill level 1 in Dodging
   437 | D:1      | Reached XP level 3. HP: 29/30 MP: 4/4
   536 | D:1      | Reached skill level 4 in Fighting
  1063 | D:2      | Found a faded altar of an unknown god.
  1067 | D:2      | Reached ** piety under Lugonu
  1151 | D:2      | Reached XP level 4. HP: 31/37 MP: 5/5
  1541 | D:3      | Reached skill level 1 in Maces & Flails
  1547 | D:3      | Mangled by a gnoll

Skill      XL: |  1  2  3  4 |
---------------+-------------+-----
Dodging        | 1 |  1.4
Fighting       | 4 |  4.1
Maces & Flails | 1 |  1.3
Axes           | |  2.8
Armour         | |  2.7
Invocations    | |  2.4

Action                   |  1- 3 |  4- 6 || total
-------------------------+-------+-------++-------
Melee: Hand axe          |   114 |       ||   114
       Whip              |     9 |    43 ||    52
Invok: Depart the Abyss  |     1 |       ||     1
  Use: Scroll            |     3 |       ||     3
       Potion            |     1 |       ||     1
  Eat: Chunk             |       |     2 ||     2
Armor: Leather armour    |    21 |       ||    21
       Ring mail         |    35 |    13 ||    48
Dodge: Dodged            |    84 |    26 ||   110
